 Dungeon Crawl Stone Soup version 0.20.0 (webtiles) character file.

7583 SpeedrunTech the Severer (level 10, -1/97 HPs)
             Began as a Minotaur Berserker on June 11, 2017.
             Was an Elder of Trog.
             Killed from afar by Harold (18 damage)
             ... with a bolt of fire
             ... on level 1 of the Lair of Beasts.
             The game lasted 00:03:21 (6711 turns).

SpeedrunTech the Severer (Minotaur Berserker)       Turns: 6711, Time: 00:03:21

Health: -1/97      AC:  2    Str: 31    XL:     10   Next: 97%
Magic:  9/9        EV:  6    Int:  4    God:    Trog [****..]
Gold:   431        SH:  0    Dex: 10    Spells: 9/9 levels left

rFire    . . .     SeeInvis .   a - +0 hand axe (elec)
rCold    . . .     Gourm    .   (no shield)
rNeg     . . .     Faith    .   r - +0 scale mail
rPois    .         Spirit   .   (helmet restricted)
rElec    .         Reflect  .   (no cloak)
rCorr    .         Harm     .   (no gloves)
MR       .....                  (no boots)
Stlth    ..........             (no amulet)
Regen    0.3/turn               z - +6 ring of strength
MPRegen  0.2/turn               q - +3 ring of slaying

@: corroded, berserk cooldown, held, slowed, very slow
A: retaliatory headbutt, horns 2
a: Berserk, Trog's Hand, Brothers in Arms, Burn Spellbooks, Renounce Religion


You were on level 1 of the Lair of Beasts.
You worshipped Trog.
Trog was greatly pleased with you.
You were hungry.

You visited 2 branches of the dungeon, and saw 10 of its levels.

You collected 431 gold pieces.

Inventory:

Hand Weapons
 a - a +0 hand axe of electrocution (weapon)
Armour
 r - a +0 scale mail (worn)
Jewellery
 q - a +3 ring of slaying (right hand)
 s - an uncursed ring of magical power
 z - a +6 ring of strength (left hand)
Scrolls
 c - 3 scrolls of magic mapping {unknown}
 e - a scroll of remove curse {unknown}
 f - 9 scrolls of identify {unknown}
 j - a scroll of random uselessness {unknown}
 m - a scroll of summoning {unknown}
 o - a scroll of torment {unknown}
 p - a scroll of immolation {unknown}
 u - a scroll of enchant weapon {unknown}
 w - a scroll of amnesia {unknown}
 x - a scroll of teleportation {unknown}
Potions
 b - a potion of resistance {unknown}
 d - a potion of ambrosia {unknown}
 g - 2 potions of heal wounds {unknown}
 k - a potion of berserk rage {unknown}
 l - 3 potions of might {unknown}
 t - a potion of magic {unknown}
 v - 2 potions of invisibility {unknown}
 A - a potion of curing {unknown}
Miscellaneous
 y - a phial of floods
Comestibles
 h - 3 royal jellies
 i - 4 meat rations
 n - 5 bread rations
 B - a chunk of flesh


   Skills:
 + Level 11.8 Fighting
 * Level 15.8 Axes
 + Level 3.0 Armour
 - Level 2.1 Dodging


You had 9 spell levels left.
You didn't know any spells.

Dungeon Overview and Level Annotations

Branches:
Dungeon (9/15)               Lair (1/6) D:8
 Temple: D:4-7          Orc: D:9-12

Altars:
Cheibriados
Dithmenos
Yredelemnul

Annotations:
Lair:1 Harold


Innate Abilities, Weirdness & Mutations

You reflexively headbutt those who attack you in melee.
You have a pair of horns on your head.


Message History

You are exhausted.
You feel yourself slow down.
Harold throws a throwing net.
The throwing net hits you.
You become entangled in the net!
Harold zaps a wand.
The bolt of acid hits you!
You are splashed with acid!
The acid burns!
It is a wand of acid (?/15).
You see here a throwing net {!f}.
You struggle against the net.
Unknown command.
You are held in a net!
You struggle against the net.
Harold zaps a wand.
The bolt of acid hits you! The acid corrodes you!
You are splashed with acid!
The acid burns!
Harold zaps a wand.
The bolt of acid hits you!
You are splashed with acid!
The acid burns!
* * * LOW HITPOINT WARNING * * *
Unknown command.
You are too injured to fight recklessly!
You struggle against the net.
Harold points at you and mumbles some strange words.
The bolt of fire hits you!
You die...

.. ..###.....##
.##.#..#.......#
.......#.#.....# .
...8...+...8...+..
..................
.#.#...#.#.....#..
#.....###.....## .
#..####.##...#....
.# #....@...#..
.......@...#..
###..#8.8.8#
####.....# #..8.##
.#.### ..## ...


You could see Harold.

Vanquished Creatures
  2 two-headed ogres
  The ghost of aesoa the Nimble, a novice OpMo of Qazlal (D:8)
  A manticore (D:8)
  A rime drake (Lair:1)
  A troll (D:9)
  2 hornets
  4 hippogriffs
  A spriggan (D:7)
  A basilisk (Lair:1)
  2 porcupines (Lair:1)
  2 orc warriors
  2 ice beasts (D:5)
  A sky beast (D:7)
  4 ogres
  A phantom (D:7)
  3 centaurs
  4 crocodiles (Lair:1)
  6 bullfrogs
  3 scorpions
  3 killer bees (D:9)
  A water moccasin skeleton (D:8)
  A crimson imp (D:7)
  A quasit (D:8)
  2 orc priests
  6 orc wizards
  A gnoll shaman (D:8)
  2 hounds
  2 jellies (D:9)
  2 bullfrog skeletons
  An iguana (D:8)
  5 worker ants
  14 gnolls
  4 adders
  A shadow imp (D:6)
  2 adder skeletons
  An adder zombie (D:5)
  A worm (D:3)
  6 leopard geckos
  23 orcs
  2 bats
  3 goblins
  2 hobgoblins
  2 quokkas
  A frilled lizard (D:2)
  A kobold (D:2)
  A quokka zombie (D:6)
133 creatures vanquished.

Vanquished Creatures (collateral kills)
  A troll (D:9)
  An ogre (D:9)
  2 killer bees (D:9)
4 creatures vanquished.

Grand Total: 137 creatures vanquished

Notes
Turn   | Place    | Note
-------+----------+-------------------------------------------
     0 | D:1      | SpeedrunTech the Minotaur Berserker began the quest for the Orb.
     0 | D:1      | Reached XP level 1. HP: 19/19 MP: 0/0
   255 | D:2      | Reached skill level 4 in Axes
   280 | D:3      | Reached XP level 2. HP: 27/27 MP: 1/1
   638 | D:4      | Reached skill level 5 in Axes
   638 | D:4      | Reached XP level 3. HP: 28/33 MP: 2/2
   681 | D:5      | Entered Level 5 of the Dungeon
   681 | D:5      | Noticed an ice beast
   693 | D:5      | HP: 1/33 [ice beast (13)]
   694 | D:5      | Killed an ice beast
   694 | D:5      | Reached skill level 6 in Axes
   694 | D:5      | Reached XP level 4. HP: 2/41 MP: 3/3
  1194 | D:5      | Reached XP level 5. HP: 45/47 MP: 4/4
  1226 | D:5      | Noticed a centaur
  1237 | D:5      | Killed a centaur
  1237 | D:5      | Reached skill level 5 in Fighting
  1252 | D:5      | Reached skill level 7 in Axes
  1252 | D:5      | Reached XP level 6. HP: 17/56 MP: 5/5
  1803 | D:5      | Noticed an ice beast
  1808 | D:5      | Reached ** piety under Trog
  1812 | D:5      | Killed an ice beast
  1812 | D:5      | Reached skill level 8 in Axes
  1812 | D:5      | Reached XP level 7. HP: 49/63 MP: 6/6
  2368 | D:6      | Found a basalt altar of Yredelemnul.
  2388 | D:6      | Reached skill level 9 in Axes
  2589 | D:7      | Noticed a hippogriff
  2599 | D:7      | Killed a hippogriff
  2599 | D:7      | Reached skill level 10 in Axes
  2599 | D:7      | Reached XP level 8. HP: 73/73 MP: 7/7
  2918 | D:7      | Noticed a hippogriff
  2930 | D:7      | Killed a hippogriff
  2930 | D:7      | Reached skill level 11 in Axes
  3024 | D:7      | Reached *** piety under Trog
  3350 | D:7      | Found a snail-covered altar of Cheibriados.
  3454 | D:7      | Noticed a hornet
  3458 | D:7      | Paralysed by a hornet for 2 turns
  3465 | D:7      | Killed a hornet
  3465 | D:7      | Reached skill level 12 in Axes
  3465 | D:7      | Reached XP level 9. HP: 20/82 MP: 8/8
  3618 | D:7      | Noticed a two-headed ogre
  3624 | D:7      | Killed a two-headed ogre
  4030 | D:7      | Found a shadowy altar of Dithmenos.
  4257 | D:8      | Noticed a manticore
  4269 | D:8      | Killed a manticore
  4269 | D:8      | Reached skill level 13 in Axes
  4525 | D:8      | Noticed aesoa's ghost (novice OpMo)
  4543 | D:8      | Killed aesoa's ghost
  4543 | D:8      | Reached skill level 10 in Fighting
  4548 | D:8      | Reached skill level 14 in Axes
  4548 | D:8      | Reached XP level 10. HP: 58/94 MP: 9/9
  4888 | D:8      | Found a staircase to the Lair.
  5216 | D:8      | Noticed a two-headed ogre
  5227 | D:8      | Killed a two-headed ogre
  5354 | D:9      | Reached **** piety under Trog
  5395 | D:9      | Reached skill level 15 in Axes
  6348 | Lair:1   | Entered Level 1 of the Lair of Beasts
  6354 | Lair:1   | Received a gift from Trog
  6697 | Lair:1   | Noticed Harold
  6711 | Lair:1   | Killed from afar by Harold

Skill      XL: |  1  2  3  4  5  6  7  8  9 10 |
---------------+-------------------------------+-----
Axes           | 4 5 6 7 8 10 12 14 15 | 15.8
Fighting       | 4 5 6 7 8 10 11 | 11.8
Armour         | 3 |  3.0
Dodging        | |  2.1

Action                   |  1- 3 |  4- 6 |  7- 9 | 10-12 || total
-------------------------+-------+-------+-------+-------++-------
Melee: Hand axe          |    48 |    32 |   198 |   111 ||   389
       Headbutt          |     5 |    12 |    32 |    26 ||    75
Invok: Berserk           |       |     2 |     8 |     4 ||    14
       Trog's Hand       |       |       |     1 |     1 ||     2
       Burn Spellbooks   |       |       |       |     3 ||     3
       Brothers in Arms  |       |       |       |     1 ||     1
 Stab: Sleeping          |     1 |       |     2 |       ||     3
       Distracted        |     1 |       |       |       ||     1
  Eat: Bread ration      |       |     1 |       |       ||     1
       Chunk             |       |       |    10 |    12 ||    22
       Meat ration       |       |       |     1 |       ||     1
Armor: Animal skin       |     5 |     1 |    12 |       ||    18
       Scale mail        |       |       |       |    21 ||    21
Dodge: Dodged            |    29 |    13 |   110 |    55 ||   207
